 Dungeon Crawl Stone Soup version 0.17-a0-701-gb6462b4 (webtiles) character file.

175557 hulla the Earth Mage (level 18, -3/169 HPs)
             Began as an Octopode Earth Elementalist on Apr 18, 2015.
             Was the Champion of Sif Muna.
             Slain by a six-headed hydra (5 damage)
             ... on level 5 of the Swamp on Apr 19, 2015.
             The game lasted 12:24:06 (59489 turns).

hulla the Earth Mage (Octopode Earth Elementalist) Turns: 59489, Time: 12:24:06

Health: -3/169     AC: 36    Str: 12    XL:     18   Next: 10%
Magic:  29/41      EV: 24    Int: 27    God:    Sif Muna [******]
Gold:   550        SH:  0    Dex: 11    Spells: 9 memorised, 12 levels left

rFire  . . .     SeeInvis .     d - +6 dagger (venom)
rCold  + . .     Clarity  .     (no shield)
rNeg   + . .     SustAb   .     (helmet restricted)
rPois  ∞         Gourm    .     (no amulet)
rElec  +         Spirit   .     A - ring of wizardry
rCorr  .         Warding  .     T - +4 ring of strength
rMut   .         Stasis   .     f - +5 ring of protection
MR     +++..                    Q - ring "Siacket" {rElec MR+ Str-2 Int+5 Dex-2}
Stlth  ++++......               K - ring of Shaolin {EV+8}
                                g - ring of magical power
                                U - +5 ring of protection
                                y - ring of protection from cold

@: about to teleport, statue-form, very slow, extremely resistant to hostile
enchantments, stealthy
A: almost no armour, amphibious, 8 rings, constrict 8, antennae 1, tentacle
spike 2, camouflage 1, blink 1, low mp 1, magic resistance 1, regeneration 1,
wild magic 1, (gelatinous body 0), evolution 1
a: End Transformation, Blink, Channel Energy, Forget Spell, Renounce Religion


You were on level 5 of the Swamp.
You worshipped Sif Muna.
Sif Muna was exalted by your worship.
You were very hungry.
You were a stone statue.
You visited 5 branches of the dungeon, and saw 33 of its levels.
You visited 2 bazaars.
You also visited: Sewer, Bailey, Ice Cave and Volcano.

You collected 3973 gold pieces.
You spent 3423 gold pieces at shops.

Inventory:

Hand weapons
 d - a +6 dagger of venom (weapon)
 e - the +2 halberd of the Other Side {flame, rF+ Dex+6}
   (You found it on level 1 of the Swamp)

   It has been specially enchanted to burn those struck by it, causing extra
   injury to most foes and up to half again as much damage against particularly
   susceptible opponents.
   Big, fiery blades are also staple armaments of hydra-hunters.
   It affects your dexterity (+6).
   It protects you from fire.
 W - the +4 war axe of Makhleb's Approval {chop, MR- Str+9 Int+4}
   (You found it on level 4 of the Lair of Beasts)

   It inflicts extra damage upon your enemies.
   It affects your strength (+9).
   It affects your intelligence (+4).
   It affects your resistance to hostile enchantments.
Missiles
 b - 606 stones (quivered)
Magical staves
 q - an uncursed staff of energy
Jewellery
 f - a +5 ring of protection (on tentacle)
 g - a ring of magical power (on tentacle)
 r - an uncursed amulet of clarity
 y - a ring of protection from cold (on tentacle)
 z - an uncursed amulet of stasis
 A - a ring of wizardry (left tentacle)
 K - the ring of Shaolin (on tentacle) {EV+8}
   (You bought it in a shop on level 7 of the Dungeon)

   [ring of evasion]

   It affects your evasion (+8).
 P - an uncursed ring of ice
 Q - the ring "Siacket" (on tentacle) {rElec MR+ Str-2 Int+5 Dex-2}
   (You bought it in a shop on level 4 of the Orcish Mines)

   [ring of dexterity]

   It affects your strength (-2).
   It affects your intelligence (+5).
   It affects your dexterity (-2).
   It insulates you from electricity.
   It affects your resistance to hostile enchantments.
 T - a +4 ring of strength (right tentacle)
 U - a +5 ring of protection (on tentacle)
Magical devices
 i - a wand of digging (13)
 u - a wand of heal wounds (3)
Scrolls
 k - 16 scrolls of identify
 x - 6 scrolls of teleportation
 C - a scroll of magic mapping
 F - 10 scrolls of fear
 G - a scroll of blinking
 M - 15 scrolls of remove curse
Potions
 c - 7 potions of haste
 n - 6 potions of restore abilities
 t - 14 potions of curing
 v - 8 potions of flight
 w - 2 potions of might
 H - 5 potions of heal wounds
 L - 3 potions of resistance
 N - 2 potions of cancellation
Comestibles
 a - 2 inedible chunks of flesh
 h - 13 royal jellies
 j - 15 meat rations
 D - 6 beef jerkies
 V - 20 fruits
 Y - 17 bread rations


   Skills:
 + Level 13.8 Fighting
 - Level 10.0 Dodging
 - Level 4.2 Stealth
 - Level 14.0 Spellcasting
 - Level 7.1 Translocations
 - Level 11.2 Transmutations
 - Level 18.1 Earth Magic


You had 12 spell levels left.
You knew the following spells:

 Your Spells              Type           Power        Failure   Level  Hunger
a - Sandblast             Erth           ######       1%          1    None
b - Stone Arrow           Conj/Erth      ######       1%          3    None
c - Petrify               Trmt/Erth      #######.     1%          4    None
d - Lee's Rapid Deconstr  Erth           ########..   1%          5    ##.....
e - Blink                 Tloc           N/A          1%          2    None
f - Statue Form           Trmt/Erth      #######..    1%          6    ####...
g - Stoneskin             Trmt/Erth      #######.     1%          2    None
h - Phase Shift           Tloc           ######....   4%          5    ##.....
w - Irradiate             Conj/Trmt      ######....   8%          5    ##.....


Dungeon Overview and Level Annotations

Branches:
Dungeon (15/15)            Temple (1/1) D:5            Lair (8/8) D:9
  Swamp (5/5) Lair:6        Snake (0/5) Lair:3        Slime (0/6) Lair:7
    Orc (4/4) D:9             Elf (0/3) Orc:4        Vaults (0/5) D:13
 Depths (0/5) D:15

Altars:
Ashenzari
Cheibriados
Dithmenos
Elyvilon
Fedhas
Gozag
Kikubaaqudgha
Makhleb
Nemelex Xobeh
Okawaru
Qazlal
Ru
Sif Muna
Trog
Vehumet
Xom
Yredelemnul
Zin
The Shining One
Beogh
Jiyva

Shops:
D:6 ?   D:7 *=*%(   D:9 [   Orc:4 [=*?

Annotations:
Lair:7 exclusion: 4 oklob plants
Swamp:2 hyperkellhus's ghost, mighty DrWz
Swamp:5 Kirke; Lernaean hydra
Orc:4 Rupert


Innate Abilities, Weirdness & Mutations

You cannot wear most types of armour.
You are amphibious.
You can wear up to eight rings at the same time.
You can use your tentacles to constrict eight enemies at once.
Your skin changes colour to match your surroundings (Stealth).
((Your rubbery body absorbs attacks (AC +1).))
You have a pair of small antennae on your head.
One of your tentacles bears a nasty spike.
You can translocate small distances at will.
Your magical capacity is low (-10% MP).
You are resistant to hostile enchantments.
Your natural rate of healing is unusually fast.
Your spells are a little harder to cast, but a little more powerful.
You evolve.


Message History

The 27-headed Lernaean hydra bites you but does no damage. x3
The 27-headed Lernaean hydra misses you.
The 27-headed Lernaean hydra bites you but does no damage.
The 27-headed Lernaean hydra misses you.
The 27-headed Lernaean hydra completely misses you.
The 27-headed Lernaean hydra bites you but does no damage. x2
The 27-headed Lernaean hydra misses you.
The 27-headed Lernaean hydra bites you but does no damage.
The 27-headed Lernaean hydra misses you.
The 27-headed Lernaean hydra bites you but does no damage. x2
The 27-headed Lernaean hydra barely misses you.
The 27-headed Lernaean hydra misses you.
The 27-headed Lernaean hydra bites you but does no damage.
The 27-headed Lernaean hydra barely misses you.
The 27-headed Lernaean hydra bites you but does no damage. x2
The six-headed hydra bites you but does no damage. x2
The six-headed hydra bites you!
* * * LOW HITPOINT WARNING * * *
The six-headed hydra barely misses you. The six-headed hydra bites you.
You die...

♣♣≈≈≈≈♣♣♣♣♣♣≈♣..≈. ♣♣♣.≈♣
♣.≈≈.≈≈.. ♣♣≈†≈♣ ♣≈≈≈...≈♣
♣♣♣♣.≈≈≈♣♣♣♣♣♣♣≈≈≈♣♣
♣....≈≈.≈≈♣ ♣≈≈≈≈♣
♣..≈.♣...[♣♣ ♣♣≈≈♣♣ ♣♣♣
♣♣...≈(?≈≈≈♣ ♣♣♣♣ ♣♣.♣♣♣
♣♣≈≈≈.≈≈≈♣≈♣ ♣♣♣♣
♣...≈♣♣♣♣♣.8DD≈§.≈♣ ♣≈≈≈
♣♣≈...≈♣♣..≈D≈≈≈≈♣♣♣♣♣♣♣♣≈≈≈
♣.≈...≈.♣≈..≈≈≈..♣♣≈≈....≈≈≈
♣♣..≈≈.♣≈≈≈.≈§(♣♣(.≈≈≈D..≈≈≈
♣..≈.).).≈.♣♣♣≈♣♣≈≈(≈≈≈.≈≈≈
♣♣†....≈≈...♣ ≈≈≈♣♣.§D♣♣♣♣≈
♣≈..≈≈...≈≈.≈ ≈≈.≈♣♣≈♣..♣≈♣
♣♣.♣....)≈≈≈♣♣♣≈.≈<≈......≈.
♣♣.♣≈.≈♣.#≈♣≈♣≈..[[.≈.§.†.≈≈


You could see the 27-headed Lernaean hydra, a six-headed hydra and a swamp
dragon.

Vanquished Creatures
  Nikola (Swamp:4)
  An Ice Fiend (IceCv)
  Gastronok (Lair:1)
  Agnes (D:15)
  A thorn hunter (Swamp:2)
  Roxanne (D:14)
  Donald (Swamp:2)
  Maud (Lair:5)
  Aizul (Swamp:2)
  Louise (D:14)
  Snorg (D:12)
  Erolcha (D:12)
  Josephine (Lair:6)
  A great orb of eyes (D:15)
  31 hydras
  Erica (D:9)
  2 centaur warriors
  2 dancing weapons (D:13)
  4 ogre magi (Orc:4)
  6 alligators
  3 tengu warriors
  A satyr (shapeshifter) (D:15)
  A spriggan berserker (Swamp:1)
  3 death yaks (Lair:8)
  Urug (Lair:1)
  3 spriggans (Swamp:1)
  The ghost of Zebura the Grappler, an experienced TrFi of Makhleb (D:9)
  5 ice devils (IceCv)
  An unseen horror (D:14)
  4 spriggan druids
  A wizard (D:15)
  3 deep trolls
  5 hill giants
  An ice statue (IceCv)
  5 shambling mangroves
  Pikel (D:5)
  8 swamp dragons
  2 orc sorcerers
  10 ugly things
  5 orc knights
  A manticore (D:15)
  3 griffons
  4 hornets
  11 slime creatures
  A naga mage (Lair:3)
  2 centaur zombies
  15 elephants
  2 cyclopes
  A torpor snail (Lair:3)
  14 black mambas
  A gargoyle (D:10)
  2 fire drakes
  3 tengu conjurers
  3 kobold demonologists
  2 golden dragon simulacra (IceCv)
  12 komodo dragons
  20 spiny frogs
  5 freezing wraiths
  6 trolls
  A blue devil (IceCv)
  8 polar bears (Lair:8)
  4 anaconda simulacra (IceCv)
  14 giant leeches
  A wolf spider simulacrum (D:13)
  Grinder (D:3)
  10 bog bodies
  Prince Ribbit (D:5)
  14 blink frogs
  2 raiju (Lair:8)
  13 ravens
  18 two-headed ogres
  4 baby alligators
  5 wraiths
  A deep elf mage (D:9)
  3 wyverns
  5 basilisks
  2 dire elephant simulacra (IceCv)
  7 shadows
  2 hungry ghosts
  2 mottled dragons
  22 yaks
  Grum (D:11)
  48 wolves
  20 wargs
  A harpy simulacrum (IceCv)
  6 hippogriffs
  7 hydra simulacra (IceCv)
  27 swamp worms
  5 insubstantial wisps (Swamp:3)
  The ghost of Baka the Skirmisher, an average GrFi (D:3)
  11 vampire mosquitoes
  26 water moccasins
  7 porcupines
  29 orc warriors
  4 hell hounds (Lair:8)
  3 iron troll simulacra (IceCv)
  5 wasps
  5 sky beasts
  Purgy (Sewer)
  An eye of draining (D:10)
  2 slaves (D:5)
  15 swamp drakes
  12 crocodiles
  3 phantoms
  3 ice beasts
  36 ogres
  4 necrophages
  15 black bears
  13 centaurs
  A boring beetle (Lair:8)
  3 big kobolds
  Blork the orc (Orc:3)
  19 giant frogs
  A gnoll sergeant (Orc:4)
  2 wyvern zombies
  A wyvern skeleton (D:9)
  6 scorpions
  9 wights
  An elephant simulacrum (IceCv)
  6 electric eels (D:10)
  8 crimson imps
  A giant frog zombie (D:5)
  22 hounds
  A wasp zombie (D:6)
  2 draconian simulacra (IceCv)
  2 jellies (D:6)
  43 orc wizards
  15 iguanas
  3 giant frog skeletons
  26 orc priests
  2 spriggan simulacra (IceCv)
  5 centaur skeletons
  4 quasits
  16 worker ants
  3 troll simulacra (IceCv)
  2 killer bee zombies
  30 sheep
  A wolf simulacrum (IceCv)
  A hound zombie (D:10)
  2 worker ant zombies
  20 adders
  14 gnolls
  2 naga simulacra (IceCv)
  20 white imps
  3 ogre simulacra (IceCv)
  106 river rats
  3 shadow imps
  7 ufetubi
  2 adder zombies
  4 worms
  An adder skeleton (D:9)
  7 giant geckos
  231 orcs
  6 ball pythons
  A bat skeleton (D:4)
  4 giant cockroaches
  19 hobgoblins
  10 jackals
  37 kobolds
  6 quokkas
  17 bats
  A giant gecko skeleton (D:7)
  16 giant newts
  2 giant spores
  33 goblins
  A goblin zombie (Orc:1)
  A jackal skeleton (D:7)
  A kobold skeleton (D:2)
  7 orc zombies (Orc:1)
  4 quokka skeletons
  25 rats
  3 ballistomycetes (D:6)
  A briar patch (Swamp:2)
  3 fungi
  5 plants
1545 creatures vanquished.

Vanquished Creatures (others)
  3 hogs (Swamp:5)
  A hound (Lair:8)
  An orc wizard (D:10)
  2 bat zombies (D:6)
  An orc zombie (Orc:1)
  A ballistomycete (D:6)
  20 fungi
  18 plants
47 creatures vanquished.

Grand Total: 1592 creatures vanquished

Notes
Turn   | Place    | Note
--------------------------------------------------------------
     0 | D:1      | hulla, the Octopode Earth Elementalist, began the quest for the Orb.
     0 | D:1      | Reached XP level 1. HP: 11/11 MP: 3/3
   536 | D:1      | Reached XP level 2. HP: 10/17 MP: 5/5
  1792 | D:1      | Reached XP level 3. HP: 21/21 MP: 6/6
  1826 | D:1      | Learned a level 3 spell: Stone Arrow
  2013 | D:2      | Found a runed door.
  2013 | D:2      | Noticed a human
  2019 | D:2      | Found a basalt altar of Yredelemnul.
  2296 | D:2      | Reached skill level 4 in Stealth
  2303 | D:2      | Reached XP level 4. HP: 21/27 MP: 7/7
  2974 | D:2      | Found a stormy altar of Qazlal.
  3215 | D:3      | Found a glowing drain.
  3239 | Sewer    | Entered a sewer
  3255 | Sewer    | Reached skill level 5 in Earth Magic
  3255 | Sewer    | Reached XP level 5. HP: 24/31 MP: 8/8
  3415 | Sewer    | Noticed Purgy
  3449 | Sewer    | Killed Purgy
  3673 | D:3      | Reached skill level 6 in Earth Magic
  3673 | D:3      | Reached XP level 6. HP: 36/36 MP: 5/9
  3892 | D:3      | Noticed Baka's ghost (average GrFi)
  3917 | D:3      | Noticed Grinder
  3927 | D:3      | Killed Grinder
  3927 | D:3      | Reached skill level 7 in Earth Magic
  3927 | D:3      | Reached XP level 7. HP: 41/41 MP: 5/10
  4202 | D:3      | Found a blossoming altar of Fedhas.
  4212 | D:3      | Found a sparkling altar of Nemelex Xobeh.
  4259 | D:3      | Killed Baka's ghost
  4399 | D:4      | Found a radiant altar of Vehumet.
  4427 | D:4      | Reached skill level 8 in Earth Magic
  5247 | D:4      | Reached skill level 9 in Earth Magic
  5247 | D:4      | Reached XP level 8. HP: 46/46 MP: 9/11
  5500 | D:4      | Found a sacrificial altar of Ru.
  5501 | D:4      | Found an iron altar of Okawaru.
  6207 | D:5      | Entered Level 5 of the Dungeon
  6217 | D:5      | Found a staircase to the Ecumenical Temple.
  6532 | D:6      | Found Ukapleh's Magic Scroll Emporium.
  6537 | D:6      | Bought a scroll of identify for 26 gold pieces
  6537 | D:6      | Bought a scroll of teleportation for 39 gold pieces
  6537 | D:6      | Bought a scroll of identify for 26 gold pieces
  6537 | D:6      | Bought a scroll of magic mapping for 45 gold pieces
  6537 | D:6      | Bought a scroll of fog for 26 gold pieces
  6840 | D:6      | Reached skill level 10 in Earth Magic
  7670 | D:6      | Reached skill level 11 in Earth Magic
  7873 | D:6      | Reached XP level 9. HP: 51/51 MP: 5/12
  7879 | D:6      | Learned a level 4 spell: Petrify
  8055 | Temple   | Entered the Ecumenical Temple
  8106 | Temple   | Became a worshipper of Sif Muna the Loreminder
  8408 | D:6      | Gained mutation: You evolve. [potion of beneficial mutation]
  8799 | D:5      | Noticed Prince Ribbit
  9270 | D:5      | Noticed Pikel
  9277 | D:5      | Killed Pikel
  9277 | D:5      | Acquired Sif Muna's first power
  9277 | D:5      | Reached skill level 5 in Transmutations
  9492 | D:5      | Killed Prince Ribbit
  9685 | D:7      | Found Ohaykk's Food Shoppe.
 10058 | D:7      | Acquired Sif Muna's second power
 10330 | D:7      | Reached XP level 10. HP: 50/56 MP: 6/16
 10968 | D:7      | Found Qaalo's Antique Weapon Shop.
 11022 | D:7      | Found Vymuuf's Assorted Antiques.
 11028 | D:7      | Found Dadani's Jewellery Shop.
 11031 | D:7      | Bought a glowing sapphire ring for 155 gold pieces
 11042 | D:7      | Found Ebruedd's Assorted Antiques.
 11272 | D:8      | Found a shadowy altar of Dithmenos.
 11763 | D:8      | Learned a level 5 spell: Lee's Rapid Deconstruction
 12434 | D:8      | Found a shattered altar of Ashenzari.
 12977 | D:8      | Reached skill level 10 in Transmutations
 13281 | D:8      | Noticed an orc knight
 13302 | D:8      | Gained mutation: You possess an exceptional clarity of mind. [evolution]
 13647 | D:8      | Reached skill level 5 in Spellcasting
 14296 | D:8      | Noticed an orc warlord
 14963 | D:8      | Acquired Sif Muna's third power
 14963 | D:8      | Reached XP level 11. HP: 53/61 MP: 1/21
 15445 | D:8      | Noticed a centaur warrior
 15730 | D:8      | Noticed a deep troll earth mage
 15873 | D:8      | Noticed a deep troll
 16192 | D:9      | Found Aleneofe's Antique Armour Shop.
 16285 | D:9      | Found a staircase to the Orcish Mines.
 16489 | D:9      | Found a flagged portal.
 16490 | D:9      | Noticed Erica
 16501 | D:9      | Killed Erica
 16511 | Bailey   | Entered a bailey
 16638 | Bailey   | Noticed an orc knight
 16933 | Bailey   | Killed an orc knight
 17005 | Bailey   | Lost mutation: You possess an exceptional clarity of mind. [evolution]
 17138 | Bailey   | Identified Sif Muna's Guide on Dislocation and Earth
 17369 | D:9      | Learned a level 2 spell: Blink
 17451 | D:9      | Found a staircase to the Lair.
 17541 | D:9      | Reached skill level 1 in Translocations
 17619 | D:9      | Noticed an orc knight
 17678 | D:7      | Bought an uncursed ring of see invisible for 165 gold pieces
 17678 | D:7      | Bought an uncursed amulet of stasis for 192 gold pieces
 18484 | Lair:1   | Entered Level 1 of the Lair of Beasts
 18827 | Lair:1   | Noticed Gastronok
 18852 | Lair:1   | Killed Gastronok
 19186 | Lair:1   | Reached XP level 12. HP: 57/80 MP: 11/25
 19280 | Lair:1   | Noticed Urug
 19290 | Lair:1   | Killed Urug
 19706 | Lair:1   | Gained mutation: One of your tentacles bears a spike. [potion of beneficial mutation]
 21801 | Lair:2   | Noticed a six-headed hydra
 22095 | Lair:2   | Reached skill level 10 in Fighting
 23324 | Lair:3   | Gained mutation: Your natural rate of healing is unusually fast. [evolution]
 23366 | Lair:3   | Found a staircase to the Snake Pit.
 23746 | Lair:3   | Reached skill level 5 in Dodging
 23746 | Lair:3   | Reached XP level 13. HP: 95/95 MP: 7/26
 24792 | Lair:3   | Gained mutation: You have a pair of small antennae on your head. [evolution]
 24883 | Lair:3   | Noticed a four-headed hydra
 25921 | D:9      | Killed an orc knight
 25969 | D:9      | Noticed Zebura's ghost (experienced TrFi)
 25978 | D:9      | Killed Zebura's ghost
 26023 | Orc:1    | Entered Level 1 of the Orcish Mines
 26584 | Orc:3    | You fall through a shaft!
 26584 | Orc:4    | Entered Level 4 of the Orcish Mines
 26599 | Orc:4    | Found Evaliddu's Armour Boutique.
 26767 | Orc:2    | Found a roughly hewn altar of Beogh.
 27988 | Orc:3    | Noticed Blork the orc
 28820 | Orc:4    | Reached skill level 10 in Dodging
 29259 | Orc:4    | Noticed Rupert
 30084 | Orc:4    | Found Zemihet's Magic Scroll Shoppe.
 30084 | Orc:4    | Found Heupo's Assorted Antiques.
 30085 | Orc:4    | Found Postue's Jewellery Shop.
 30085 | Orc:4    | Found Ovuisuph's Assorted Antiques.
 30395 | Orc:4    | Found a staircase to the Elven Halls.
 30624 | Orc:4    | Received a gift from Sif Muna
 30624 | Orc:4    | Reached XP level 14. HP: 91/101 MP: 5/27
 30625 | Orc:4    | Identified Sif Muna's Reference Book on Transformation (Sif Muna gifted it to you on level 4 of the Orcish Mines)
 30633 | Orc:4    | Learned a level 6 spell: Statue Form
 31028 | Orc:4    | Bought the cursed ring "Siacket" {rElec MR+ Str-2 Int+5 Dex-2} for 246 gold pieces
 31339 | Orc:1    | Found a bloodstained altar of Trog.
 31841 | Orc:1    | Reached skill level 12 in Earth Magic
 32269 | D:8      | Killed a deep troll
 32409 | D:8      | Noticed a deep troll
 32409 | D:8      | Noticed a deep troll
 32409 | D:8      | Noticed a deep troll shaman
 32421 | D:7      | Killed a deep troll
 32514 | D:7      | Bought the ring of Shaolin {EV+8} for 1408 gold pieces
 32661 | Lair:1   | Gained mutation: One of your tentacles bears a nasty spike. [evolution]
 32705 | Lair:1   | Learned a level 2 spell: Stoneskin
 32711 | Lair:1   | Learned a level 5 spell: Phase Shift
 33235 | Orc:3    | Killed Blork the orc
 33704 | D:8      | Killed a deep troll
 33720 | D:8      | Killed an orc knight
 34126 | Lair:2   | Killed a six-headed hydra
 34337 | Lair:2   | Killed a four-headed hydra
 34337 | Lair:2   | Reached skill level 5 in Translocations
 34994 | Lair:4   | Got a crystal war axe
 34995 | Lair:4   | Identified the +4 war axe of Makhleb's Approval {chop, MR- Str+9 Int+4} (You found it on level 4 of the Lair of Beasts)
 35803 | Lair:5   | Received a gift from Sif Muna
 35817 | Lair:5   | Identified Sif Muna's Papyrus of the Rocks (Sif Muna gifted it to you on level 5 of the Lair of Beasts)
 36156 | Lair:5   | Noticed Maud
 36182 | Lair:5   | Killed Maud
 36182 | Lair:5   | Reached skill level 13 in Earth Magic
 37027 | Lair:6   | Found a staircase to the Swamp.
 38065 | Lair:6   | Noticed Josephine
 38354 | Lair:6   | Killed Josephine
 38354 | Lair:6   | Reached skill level 14 in Earth Magic
 38354 | Lair:6   | Reached XP level 15. HP: 106/106 MP: 18/28
 38611 | Lair:6   | Gained mutation: You are weak. (Str -2) [evolution]
 38815 | Lair:7   | Gained mutation: Your spells are a little harder to cast, but a little more powerful. [potion of beneficial mutation]
 38909 | Lair:7   | Found a dark tunnel.
 38914 | Volcano  | Entered a volcano
 40120 | Lair:7   | Found a viscous altar of Jiyva.
 40321 | Lair:7   | Found a staircase to the Slime Pits.
 40549 | Lair:8   | Entered Level 8 of the Lair of Beasts
 40624 | Lair:8   | Received a gift from Sif Muna
 40634 | Lair:8   | Identified Sif Muna's Compendium of Changing (Sif Muna gifted it to you on level 8 of the Lair of Beasts)
 41036 | Lair:8   | Reached skill level 15 in Earth Magic
 42307 | Lair:8   | Reached skill level 16 in Earth Magic
 42943 | D:7      | Found Ohaykk's Food Shoppe.
 42984 | D:7      | Found Ebruedd's Assorted Antiques.
 42989 | D:7      | Found Dadani's Jewellery Shop.
 42998 | D:7      | Bought a +5 ring of protection for 605 gold pieces
 43404 | D:10     | Entered Level 10 of the Dungeon
 44477 | D:11     | Noticed Grum
 44480 | D:11     | Received a gift from Sif Muna
 44493 | D:11     | Killed Grum
 44501 | D:11     | Identified Sif Muna's Tome of Quantum Shape Shifting (Sif Muna gifted it to you on level 11 of the Dungeon)
 45170 | D:12     | Noticed Erolcha
 45179 | D:12     | Killed Erolcha
 45418 | D:12     | Gained mutation: You can translocate small distances at will. [potion of beneficial mutation]
 45436 | D:12     | Noticed Snorg
 45453 | D:12     | Killed Snorg
 46038 | D:13     | Reached skill level 17 in Earth Magic
 46082 | D:13     | Found a glowing silver altar of Zin.
 46145 | D:13     | Found a gate to the Vaults.
 46184 | D:13     | Found a glowing silver altar of Zin.
 46304 | D:13     | Reached XP level 16. HP: 112/112 MP: 21/29
 47057 | D:14     | Noticed Louise
 47135 | D:14     | Found a flickering gateway to a bazaar.
 47143 | Bazaar   | Entered a bazaar
 47261 | Bazaar   | Found Quxkoat's Jewellery Shoppe.
 47312 | Bazaar   | Found Mammom's Magic Scroll Shoppe.
 47360 | Bazaar   | Found Hoeniosk's Jewellery Boutique.
 47403 | Bazaar   | Found Laemp's Book Shoppe.
 47627 | Bazaar   | Bought an uncursed ring of wizardry for 270 gold pieces
 47688 | Bazaar   | Learned a level 5 spell: Irradiate
 47696 | D:14     | Killed Louise
 47835 | D:14     | Reached skill level 18 in Earth Magic
 47867 | D:14     | Noticed Roxanne
 47871 | D:14     | Killed Roxanne
 48011 | D:14     | Identified Roxanne's Tome of Shifting Earth (You took it off Roxanne on level 14 of the Dungeon)
 48109 | D:14     | Received a gift from Sif Muna
 48111 | D:14     | Identified Sif Muna's Volume of the Voyage and Arcane Weapons (Sif Muna gifted it to you on level 14 of the Dungeon)
 48704 | D:12     | Lost mutation: You are weak. (Str -2) [evolution]
 48836 | D:15     | Entered Level 15 of the Dungeon
 48836 | D:15     | Noticed Agnes
 49054 | D:15     | Found a gateway to a bazaar.
 49060 | Bazaar   | Entered a bazaar
 49060 | Bazaar   | Found Peciacuts's Food Shoppe.
 49060 | Bazaar   | Found Suhas's General Store.
 49064 | Bazaar   | Found Sulousil's Distillery.
 49077 | Bazaar   | Found Ugyijoq's Assorted Antiques.
 49426 | D:15     | Reached skill level 10 in Spellcasting
 49527 | D:15     | Found a staircase to the Depths.
 49647 | D:15     | Killed Agnes
 50154 | D:15     | Upgraded the game from 0.17-a0-670-g5d95ebd to 0.17-a0-701-gb6462b4
 50389 | Orc:4    | Bought an uncursed amulet of clarity for 220 gold pieces
 50629 | Swamp:1  | Entered Level 1 of the Swamp
 51097 | Swamp:1  | Got an ichor-stained halberd
 51098 | Swamp:1  | Identified the +2 halberd of the Other Side {flame, rF+ Dex+6} (You found it on level 1 of the Swamp)
 51365 | Swamp:1  | Gained mutation: Your magical capacity is low (-10% MP). [mutagenic glow]
 51931 | Swamp:2  | Noticed Aizul
 51953 | Swamp:2  | Received a gift from Sif Muna
 51954 | Swamp:2  | Killed Aizul
 51957 | Swamp:2  | Identified Koris's Compendium of Orientation and Good Luck (Sif Muna gifted it to you on level 2 of the Swamp)
 52251 | Swamp:2  | Noticed hyperkellhus's ghost (mighty DrWz)
 52672 | Swamp:2  | Reached XP level 17. HP: 117/117 MP: 28/29
 53107 | Swamp:2  | Noticed Donald
 53117 | Swamp:2  | Killed Donald
 54768 | Swamp:3  | Identified a scroll of acquirement
 54769 | Swamp:3  | Identified the Papyrus of Displaced Slavery (You acquired it on level 3 of the Swamp)
 55661 | Swamp:4  | Found a frozen archway.
 55666 | IceCv    | Entered an ice cave
 56739 | IceCv    | Noticed an Ice Fiend
 56992 | IceCv    | Gained mutation: You are resistant to hostile enchantments. [evolution]
 57087 | IceCv    | Killed an Ice Fiend
 57829 | Swamp:4  | Found a burning altar of Makhleb.
 57912 | Swamp:4  | Noticed Nikola
 57930 | Swamp:4  | Killed Nikola
 57930 | Swamp:4  | Received a gift from Sif Muna
 57939 | Swamp:4  | Identified Izxuhaih's Papyrus of the Compass (Sif Muna gifted it to you on level 4 of the Swamp)
 58435 | Swamp:5  | Entered Level 5 of the Swamp
 59038 | Swamp:5  | Reached XP level 18. HP: 129/129 MP: 27/32
 59106 | Swamp:5  | Noticed the 27-headed Lernaean hydra
 59107 | Swamp:5  | Noticed Kirke
 59489 | Swamp:5  | HP: 2/169 [six-headed hydra (10)]
 59489 | Swamp:5  | Slain by a six-headed hydra

Action                   |  1- 3 |  4- 6 |  7- 9 | 10-12 | 13-15 | 16-18 || total
-------------------------+-------+-------+-------+-------+-------+-------++-------
Melee: Unarmed           |    18 |     4 |     2 |     5 |    11 |       ||    40
       Spear             |   102 |     6 |       |    15 |       |       ||   123
       Long sword        |       |    51 |   170 |   316 |   349 |       ||   886
       Flail             |       |       |       |    19 |       |       ||    19
       Short sword       |       |       |       |    12 |    46 |       ||    58
       Whip              |       |       |       |     5 |    69 |     8 ||    82
       Dagger            |       |       |       |       |    48 |   341 ||   389
       War axe           |       |       |       |       |   666 |   254 ||   920
       Triple sword      |       |       |       |       |     3 |       ||     3
       Halberd           |       |       |       |       |       |   201 ||   201
       Staff             |       |       |       |       |       |    21 ||    21
 Fire: Blowgun           |       |       |       |    92 |    23 |       ||   115
Throw: Stone             |     1 |       |     2 |    19 |     4 |    60 ||    86
       Javelin           |       |       |    31 |    60 |       |       ||    91
       Tomahawk          |       |       |       |    68 |   105 |       ||   173
 Cast: Sandblast         |       |    13 |    66 |   231 |    67 |    72 ||   449
       Stone Arrow       |       |     3 |    43 |   229 |   443 |   280 ||   998
       Petrify           |       |       |     2 |    16 |     9 |     6 ||    33
       Lee's Rapid Decon |       |       |       |     9 |    86 |    78 ||   173
       Statue Form       |       |       |       |       |    52 |    65 ||   117
       Stoneskin         |       |       |       |       |    37 |    44 ||    81
       Phase Shift       |       |       |       |       |    10 |    36 ||    46
       Blink             |       |       |       |       |     5 |    19 ||    24
       Irradiate         |       |       |       |       |       |    25 ||    25
Invok: Channel Energy    |       |       |       |     1 |       |       ||     1
 Abil: End Transformatio |       |       |       |       |    12 |     9 ||    21
       Evoke Teleport Co |       |       |       |       |     1 |       ||     1
Evoke: Wand              |       |       |       |       |     1 |     2 ||     3
  Use: Scroll            |       |     8 |    10 |     3 |    15 |    17 ||    53
       Potion            |       |       |     6 |     2 |     8 |     4 ||    20
 Stab: Sleeping          |     8 |     6 |    12 |     5 |    24 |     4 ||    59
       Distracted        |       |       |     1 |     3 |     1 |     2 ||     7
       Petrified         |       |       |       |     3 |     4 |       ||     7
  Eat: Chunk             |     4 |     6 |    24 |    49 |   102 |    43 ||   228
       Fruit             |       |       |     1 |     1 |     8 |     9 ||    19
       Beef jerky        |       |       |       |       |     1 |     1 ||     2
       Pizza             |       |       |       |       |       |     4 ||     4
